[Event "*** SCC Grand Prix: Titled Tuesday Blitz"]
[Site "Chess.com"]
[Date "2020.07.14"]
[Round "5"]
[White "Rytenko_V"]
[Black "novocane"]
[Result "1-0"]
[WhiteElo "2475"]
[BlackElo "2259"]
[TimeControl "180+1"]
[EndTime "10:55:50 PDT"]
[Termination "Rytenko_V won by resignation"]

1. e4 c5 2. Nf3 Nc6 3. Bb5 Nf6 4.
e5 Nd5 5. O-O g6 6. Re1 Bg7 7.
c3 O-O 8. d4 cxd4 9. cxd4 d6 10. h3 dxe5 11. Bxc6 bxc6 12. Nxe5 Bb7 13. Nc3 Nxc3 14.
bxc3 c5 15. Ba3 cxd4 16. Qxd4 Qc7 17. Rab1 Rfd8 18. Qc5 Rac8 19. Qxe7 Bxe5 20. Rxe5 Qxe7 21. Bxe7 Rd7 22. Bf6 h5 23. Rbe1 Kh7 24. h4 g5 25.
Rxg5 Kh6 26. Bg7+ Kh7 27. Bd4 Rc6 28. Rxh5+ Kg6 29. Rg5+ Kh6 30. Re8 f6 31. Rh8+ Rh7 32. Rh5+ Kxh5 33. Rxh7+ Kg4 34. Rxb7 1-0

[Event "*** SCC Grand Prix: Titled Tuesday Blitz"]
[Site "Chess.com"]
[Date "2020.07.14"]
[Round "5"]
[White "Raja3401"]
[Black "arminmusovic"]
[Result "1-0"]
[WhiteElo "2777"]
[BlackElo "2556"]
[TimeControl "180+1"]
[EndTime "10:55:51 PDT"]
[Termination "Raja3401 won by resignation"]

1. e4 c6 2. Nf3 d5 3. Nc3 dxe4 4. Nxe4 Nf6 5. Qe2 Nxe4 6. Qxe4 Qd5 7. Qf4 Qf5 8. Qe3 Qe6 9. b3 Qxe3+ 10. fxe3 Nd7 11.
Bb2 Nf6 12. O-O-O Bg4 13. Be2 Ne4 14. Rdf1 f6 15. d3 Nd6 16. h3 Bd7 17. g4 O-O-O 18. e4 Nf7 19. e5 c5 20. Rhg1 h5 21. a4 a6 22. Bc3 Kc7 23. Re1 hxg4 24. hxg4 Bc6 25. e6 Nd6 26. g5 Rh3 27. Nd2 Nf5 28.
Bg4 Rg3 29. Bxf5 Rxg5 30. Rxg5 fxg5 31. Be5+ Kc8 32. Nc4 b5 33. Nb6+ Kb7 34. Nd7 g6 35.
Bg4 bxa4 36. bxa4 Bxa4 37. Nxc5+ Kc6 38. Nxa4 Rxd3 1-0

[Event "*** SCC Grand Prix: Titled Tuesday Blitz"]
[Site "Chess.com"]
[Date "2020.07.14"]
[Round "5"]
[White "Sergey85Rodchenkov"]
[Black "BogdanDeac"]
[Result "0-1"]
[WhiteElo "2520"]
[BlackElo "2793"]
[TimeControl "180+1"]
[EndTime "10:55:51 PDT"]
[Termination "BogdanDeac won by resignation"]

1. e4 e5 2. Nf3 Nc6 3. Bc4 Nf6 4. d3 Bc5 5. O-O d6 6. c3 a6 7. Re1 O-O 8. Bg5 h6 9. Bh4 g5 10. Bg3 Ba7 11. Bb3 Nh7 12. Nbd2 h5 13. h4 Bg4 14. Qc2 Kg7 15. Bd5 Ne7 16. Bxb7 Rb8 17. Bd5 Ng6 18. d4 gxh4 19. Bh2 Qf6 20. Qd3 Bxf3 21. Nxf3 Rxb2 22. Rab1 Rfb8 23. Bb3 Rxb1 24. Rxb1 a5 25. Rd1 Ng5 26. Nxg5 Qxg5 27. Qf3 Qf6 28. Qxf6+ Kxf6 29. Kf1 Re8 30. f3 Rb8 31. Bg1 Bb6 32. Bf2 Ke7 33.
dxe5 dxe5 34. Rd5 Bxf2 35. Kxf2 a4 36. Bxa4 Rb2+ 37. Kf1 Rxa2 38. Bb5 Rb2 39. c4 Ke6 40. Bd7+ Kf6 41. Bf5 Nf4 42. Rd7 Rxg2 43. Rxc7 Rc2 44. Rc8 h3 45. Bxh3 Nxh3 46. Rh8 Nf4 47. c5 Rxc5 48.
Kf2 Rc2+ 0-1

[Event "*** SCC Grand Prix: Titled Tuesday Blitz"]
[Site "Chess.com"]
[Date "2020.07.14"]
[Round "5"]
[White "Benjoneliere44"]
[Black "Izoria123"]
[Result "0-1"]
[WhiteElo "2608"]
[BlackElo "2893"]
[TimeControl "180+1"]
[EndTime "10:55:53 PDT"]
[Termination "Izoria123 won by resignation"]

1. d4 d6 2. c4 e5 3. Nf3 e4 4. Ng5 f5 5. Nh3 Be7 6. Nf4 Nf6 7. h4 O-O 8. e3 c5 9. dxc5 dxc5 10. Qxd8 Rxd8 11.
Nc3 Nc6 12. a3 Na5 13. Be2 Nb3 14. Rb1 Bd6 15. g3 Be5 16. O-O b6 17. Ncd5 Kf7 18.
Nxf6 Kxf6 19. f3 Bxf4 20. gxf4 Bb7 21. Kf2 exf3 22. Bxf3 Bxf3 23. Kxf3 Rd3 24. Ke2 Rad8 25. h5 R3d6 26. Rg1 a5 27. Kf3 a4 28. Ke2 Re6 29. Rd1 Rxd1 30. Kxd1 Nxc1 31. Kxc1 Rxe3 32. Kd2 Re4 33.
b3 Rxf4 34. bxa4 Rxc4 35. Rxb6+ Kg5 36. Ra6 Kxh5 37. Kd3 Rd4+ 38. Kc3 f4 39. Ra8 f3 40. a5 Rf4 41. Rd8 f2 42. Rd1 f1=Q 0-1

[Event "*** SCC Grand Prix: Titled Tuesday Blitz"]
[Site "Chess.com"]
[Date "2020.07.14"]
[Round "5"]
[White "AwareIdea"]
[Black "Alexandercs432"]
[Result "1-0"]
[WhiteElo "2461"]
[BlackElo "2087"]
[TimeControl "180+1"]
[EndTime "10:55:53 PDT"]
[Termination "AwareIdea won by resignation"]

1. c4 Nf6 2. Nc3 e6 3. e4 d5 4. e5 d4 5. exf6 dxc3 6. bxc3 Qxf6 7. d4 b6 8. Qf3 Qxf3 9. Nxf3 Bb7 10. Be2 Bd6 11.
O-O O-O 12. Rb1 Nd7 13. c5 Be4 14. cxd6 Bxb1 15. dxc7 Bxa2 16. Ba6 Rac8 17. Bf4 f6 18. Ra1 Bd5 19. Bd6 Rfe8 20. Bb5 Nf8 21. Bxe8 Rxe8 22.
Rxa7 Nd7 23. Nd2 e5 24. dxe5 Nxe5 25. Bxe5 fxe5 26. c4 Bc6 27. f3 Kf7 28. c8=Q+ 1-0

[Event "*** SCC Grand Prix: Titled Tuesday Blitz"]
[Site "Chess.com"]
[Date "2020.07.14"]
[Round "5"]
[White "SargissyanSargis"]
[Black "aNaartjieZA"]
[Result "0-1"]
[WhiteElo "2301"]
[BlackElo "2489"]
[TimeControl "180+1"]
[EndTime "10:55:55 PDT"]
[Termination "aNaartjieZA won on time"]

1. e4 e6 2. d4 d5 3. Nc3 Bb4 4. e5 c5 5. a3 Bxc3+ 6. bxc3 Ne7 7. Qg4 Qc7 8. Bd3 cxd4 9. Rb1 dxc3 10. Nf3 Nbc6 11. Bf4 Bd7 12. Qxg7 Rg8 13. Qxh7 O-O-O 14. Bg3 Rdf8 15. Qh6 Ng6 16. Qe3 b6 17. Ba6+ Kb8 18. Qxc3 Bc8 19. Bd3 Bb7 20. Nd4 Nxd4 21. Qxd4 Ne7 22.
O-O Nc6 23. Qc3 Rc8 24. Rfe1 Ka8 25. Qd2 Na5 26. Qb4 Nc4 27. a4 Na5 28. Qd6 Qc3 29. Qe7 Rc7 30. Qf6 Nc6 31. h4 Ne7 32. h5 Qd4 33. h6 Rxg3 34. h7 Rc8 35. h8=Q Rxh8 36.
Qxh8+ Rg8 37. Qf6 Qg4 38. g3 d4 39. Qxe7 Rh8 40. Be4 Bxe4 41. Rxe4 Qxe4 0-1

[Event "*** SCC Grand Prix: Titled Tuesday Blitz"]
[Site "Chess.com"]
[Date "2020.07.14"]
[Round "5"]
[White "czasnaszachy"]
[Black "Euge_chess"]
[Result "0-1"]
[WhiteElo "2201"]
[BlackElo "2009"]
[TimeControl "180+1"]
[EndTime "10:55:55 PDT"]
[Termination "Euge_chess won on time"]

1. d4 Nf6 2. c4 e6 3. Nc3 c5 4. d5 exd5 5. cxd5 d6 6. e4 g6 7. Bd3 Bg7 8. h3 O-O 9. Nf3 Na6 10. O-O Nc7 11. a4 b6 12. Bg5 a6 13. Qd2 Rb8 14.
Qe2 Re8 15. Rac1 h6 16. Be3 Bd7 17. Bxa6 Nxe4 18. Nxe4 Rxe4 19. Bd3 Re8 20. Qd2 Nxd5 21. Bxh6 Nb4 22. Bc4 Bxa4 23. Bxg7 Kxg7 24. Rfe1 Qf6 25. Ng5 d5 26. Bxd5 Red8 27. Nxf7 Rxd5 28. Qxd5 Nxd5 29. Ne5 Re8 30. Ng4 Rxe1+ 31. Rxe1 Qxb2 0-1

[Event "*** SCC Grand Prix: Titled Tuesday Blitz"]
[Site "Chess.com"]
[Date "2020.07.14"]
[Round "5"]
[White "GadimbayliA"]
[Black "Tonychess32"]
[Result "0-1"]
[WhiteElo "2875"]
[BlackElo "2658"]
[TimeControl "180+1"]
[EndTime "10:55:57 PDT"]
[Termination "Tonychess32 won on time"]

1. e4 c5 2. Nf3 d6 3. d4 cxd4 4. Nxd4 Nf6 5. Nc3 a6 6. g3 e5 7. Nf3 Be7 8. Bg2 O-O 9. O-O Be6 10. Nh4 g6 11. Bh6 Re8 12. Nd5 Bxd5 13. exd5 Nbd7 14. Nf3 Rc8 15. c3 Bf8 16. Be3 Nb6 17. Ne1 Bg7 18. Nc2 Nc4 19. Bc1 e4 20. Ne3 Nxe3 21. Bxe3 Nd7 22. Qb3 Qc7 23. Rfe1 f5 24. Rad1 Ne5 25.
Bb6 Qf7 26. Qb4 Nd3 27. Rxd3 exd3 28. Rd1 d2 29. Be3 Be5 30. Rxd2 b5 31. Qa5 f4 32.
gxf4 Bxf4 33. Re2 Bxe3 34. fxe3 Qa7 35. Kf2 Re5 36. Qb4 Rf8+ 37. Ke1 Rxe3 0-1

[Event "*** SCC Grand Prix: Titled Tuesday Blitz"]
[Site "Chess.com"]
[Date "2020.07.14"]
[Round "5"]
[White "Annawel"]
[Black "doons21"]
[Result "0-1"]
[WhiteElo "2929"]
[BlackElo "2652"]
[TimeControl "180+1"]
[EndTime "10:55:57 PDT"]
[Termination "doons21 won by resignation"]

1. Nf3 Nf6 2. b3 g6 3. Bb2 Bg7 4. g3 O-O 5. d4 d5 6. Bg2 Ne4 7. O-O c5 8. Nbd2 Nc6 9. e3 cxd4 10. Nxd4 Nxd4 11. exd4 Bf5 12. Re1 Nxd2 13. Qxd2 h5 14. c4 dxc4 15. bxc4 Rc8 16. Rac1 b6 17. d5 Qd6 18.
Re3 Bxb2 19. Qxb2 Rc7 20. Bf1 Rfc8 21. Rce1 Qf6 22. Qa3 e6 23. h4 Rd8 24. Rd1 Rcd7 25. Bg2 Kg7 26. Rd2 Rc7 27. Qb4 Rdc8 28. Bf1 exd5 29.
cxd5 Rc1 30. Rde2 Rb1 31. Qf4 Rcc1 32. Re1 Rxe1 33. Rxe1 Rxe1 34. Qxf5 Qxf5 0-1

[Event "*** SCC Grand Prix: Titled Tuesday Blitz"]
[Site "Chess.com"]
[Date "2020.07.14"]
[Round "5"]
[White "boasovietica"]
[Black "econpower"]
[Result "0-1"]
[WhiteElo "2472"]
[BlackElo "2675"]
[TimeControl "180+1"]
[EndTime "10:55:57 PDT"]
[Termination "econpower won on time"]

1. e4 d6 2. d4 Nf6 3. f3 e5 4. Ne2 Be7 5. c4 O-O 6. Nbc3 c5 7. d5 Ne8 8. Be3 Bg5 9. Qd2 Bxe3 10. Qxe3 a6 11. Nc1 Nd7 12. Be2 g6 13. O-O f5 14.
f4 Ng7 15. Nd3 Qe7 16. Rae1 b5 17. cxb5 axb5 18. Nxb5 fxe4 19. Qxe4 Nf6 20. Qc4 e4 21. Ne5 Nf5 22. Nc6 Qd7 23. g4 Ne3 24. Qc3 Nxf1 25. Rxf1 Nxd5 26. Qb3 Qxc6 27. Bc4 Be6 28. Nc3 Rab8 29.
Bxd5 Rxb3 30. Bxc6 Rxb2 0-1

[Event "*** SCC Grand Prix: Titled Tuesday Blitz"]
[Site "Chess.com"]
[Date "2020.07.14"]
[Round "5"]
[White "dosto07"]
[Black "Kavyev_Ruslan"]
[Result "0-1"]
[WhiteElo "2220"]
[BlackElo "2453"]
[TimeControl "180+1"]
[EndTime "10:55:57 PDT"]
[Termination "Kavyev_Ruslan won on time"]

1. e4 c5 2. Nf3 d6 3. Bb5+ Nd7 4. O-O a6 5. Bxd7+ Bxd7 6. d4 cxd4 7. Qxd4 e5 8. Qd3 h6 9. Nc3 Nf6 10. Be3 Rc8 11.
Rfd1 Be7 12. a4 Be6 13. a5 O-O 14. Bb6 Qd7 15. h3 Qc6 16. Nd2 d5 17. exd5 Nxd5 18. Nxd5 Bxd5 19. f3 Qxc2 20. Ne4 Bxe4 21. fxe4 Qxb2 22.
Rab1 Qa2 23. Qd5 Qxd5 24. Rxd5 f6 25. Rd7 Rf7 26. Rxb7 Bc5+ 27. Bxc5 Rxb7 28. Rxb7 Rxc5 29. Rb8+ Kf7 30. Kf2 Rxa5 31. Rb7+ Kg6 32. h4 Ra4 33. Kf3 h5 34. g3 Ra3+ 35. Kf2 a5 36. Ra7 Ra2+ 37. Kf3 a4 38. Ra8 a3 39. Ra7 Ra1 40. Ra8 a2 41. Kg2 f5 42. Ra6+ Kf7 43. exf5 e4 44.
Ra3 e3 0-1

[Event "*** SCC Grand Prix: Titled Tuesday Blitz"]
[Site "Chess.com"]
[Date "2020.07.14"]
[Round "5"]
[White "CzechmVIII"]
[Black "ace_mar"]
[Result "0-1"]
[WhiteElo "2200"]
[BlackElo "2451"]
[TimeControl "180+1"]
[EndTime "10:55:59 PDT"]
[Termination "ace_mar won on time"]

1. e4 e5 2. Nf3 Nc6 3. Bb5 a6 4. Ba4 Nf6 5. O-O Be7 6. Re1 b5 7. Bb3 d6 8. c3 O-O 9. h3 Nb8 10.
d4 Nbd7 11. Nbd2 Bb7 12. Bc2 Re8 13. a4 c5 14. d5 c4 15. b3 cxb3 16. Bxb3 Nc5 17.
Bc2 Bf8 18. axb5 axb5 19. Rxa8 Qxa8 20. Nb3 Na4 21. Bd2 Rc8 22. Qa1 b4 23. c4 Rxc4 24.
Bd3 Rc8 25. Bxb4 Nb6 26. Na5 Ba6 27. Bxa6 Qxa6 28. Nc6 Qc4 29. Qa5 Nbxd5 30. exd5 Nxd5 31. Nfxe5 dxe5 32. Bxf8 Qxc6 33. Ba3 Ra8 0-1

[Event "*** SCC Grand Prix: Titled Tuesday Blitz"]
[Site "Chess.com"]
[Date "2020.07.14"]
[Round "5"]
[White "Forantes"]
[Black "louis198"]
[Result "1/2-1/2"]
[WhiteElo "2361"]
[BlackElo "2550"]
[TimeControl "180+1"]
[EndTime "10:55:59 PDT"]
[Termination "Game drawn by repetition"]

1. Nf3 d5 2. g3 g6 3. Bg2 Bg7 4. d4 e6 5. O-O Ne7 6. c4 O-O 7. Nc3 Nbc6 8. cxd5 exd5 9. Bf4 a6 10. e3 f6 11. h4 Kh8 12. Kh2 Be6 13. Rc1 Nf5 14. Na4 Nd6 15. Nc5 Bc8 16. Qb3 Ne7 17. Bxd6 Qxd6 18.
Nxb7 Bxb7 19. Qxb7 c6 20. Qb3 Rfb8 21. Qc3 Rb7 22.
b4 Rxb4 23. Rb1 Rab8 24. Rxb4 Qxb4 25. Rc1 Qxc3 26. Rxc3 Rb2 27. Ra3 Rxf2 28. Rxa6 Kg8 29.
Kg1 Re2 30. Bh3 Rxe3 31. Kf2 Bh6 32. Ng5 Rd3 33. Ra8+ Kg7 34. Ne6+ Kf7 35. Nd8+ Kg7 36. Ra7 Kf8 37. Ne6+ Ke8 38. Ra8+ Kf7 39. Nd8+ Kg7 40.
Ne6+ Kf7 1/2-1/2

[Event "*** SCC Grand Prix: Titled Tuesday Blitz"]
[Site "Chess.com"]
[Date "2020.07.14"]
[Round "5"]
[White "AttilaTurzo"]
[Black "HanSchut"]
[Result "1-0"]
[WhiteElo "2487"]
[BlackElo "2331"]
[TimeControl "180+1"]
[EndTime "10:55:59 PDT"]
[Termination "AttilaTurzo won on time"]

1. e4 c5 2. Nf3 d6 3. d4 cxd4 4. Nxd4 Nf6 5. Nc3 a6 6. Bg5 e6 7. f4 Be7 8. Qf3 h6 9. Bh4 g5 10. fxg5 Nfd7 11. Qh5 Ne5 12. O-O-O Ng6 13. Bg3 hxg5 14.
Qe2 Qc7 15. Kb1 Nd7 16. Qd2 Nde5 17. Nf3 Bd7 18. Nxg5 O-O-O 19. Nf3 Kb8 20. Be2 b5 21. a3 Bc6 22. Bf2 Qb7 23. Bd3 Rc8 24. Nd4 Bd7 25. Nb3 Bd8 26. h3 Nc4 27. Bxc4 bxc4 28. Qxd6+ Bc7 29.
Qxd7 cxb3 30. Qxf7 bxc2+ 31. Kxc2 Ne5 32. Qxe6 Ka8 33.
Qd5 Nc6 34. Kb1 Rhd8 35. Qf7 Nd4 36. Bxd4 1-0

[Event "*** SCC Grand Prix: Titled Tuesday Blitz"]
[Site "Chess.com"]
[Date "2020.07.14"]
[Round "5"]
[White "topotun"]
[Black "DariaVoit"]
[Result "1-0"]
[WhiteElo "2711"]
[BlackElo "2477"]
[TimeControl "180+1"]
[EndTime "10:56:00 PDT"]
[Termination "topotun won on time"]

1. e4 e6 2. d4 d5 3. Nd2 Nf6 4.
e5 Nfd7 5. f4 c5 6. c3 a5 7. a4 cxd4 8. cxd4 Nc6 9. Ndf3 Qb6 10.
Bb5 Bb4+ 11. Kf1 Nf8 12. g3 Bd7 13. Kg2 Ng6 14. Be3 h5 15. Ne2 Nge7 16. Bf2 Nf5 17. h3 Nce7 18. Bd3 O-O-O 19. Nc3 Kb8 20. Nb5 f6 21. Qe2 Rdf8 22. g4 Nh6 23. Nh2 g5 24.
exf6 Nc6 25. fxg5 hxg4 26. Nxg4 Nf5 27. g6 Nfxd4 28. Nxd4 Nxd4 29. Qe5+ Bd6 30. Qxd4 Qxd4 31. Bxd4 Rhg8 32. f7 1-0

[Event "*** SCC Grand Prix: Titled Tuesday Blitz"]
[Site "Chess.com"]
[Date "2020.07.14"]
[Round "5"]
[White "Matols"]
[Black "NormWeinstein"]
[Result "0-1"]
[WhiteElo "2222"]
[BlackElo "2456"]
[TimeControl "180+1"]
[EndTime "10:56:02 PDT"]
[Termination "NormWeinstein won by resignation"]

1. d4 c5 2. d5 e5 3. c4 d6 4. e4 Be7 5. Nf3 Bg4 6. Nc3 Bxf3 7.
Qxf3 Bg5 8. Be2 Bxc1 9. Rxc1 Nf6 10. h4 O-O 11. h5 h6 12. Qg3 Nbd7 13. Bf3 Nh7 14.
O-O Ng5 15. Bg4 Nf6 16. f4 Ngxe4 17. Nxe4 Nxe4 18. Qe3 Nf6 19. Bf3 Re8 20. Rce1 Qb6 21. b3 Qa5 22. fxe5 Rxe5 23. Qf2 Rae8 24. Rxe5 Rxe5 25.
a4 Qc3 26. Bd1 Qe3 27. Qxe3 Rxe3 28. Kf2 Rc3 29. Re1 Kf8 30. g4 Nd7 31. Rg1 f6 32. Ke2 Ne5 33. Kd2 Rd3+ 34. Kc2 Rh3 35. Re1 Rg3 36. Re4 Ke7 37. a5 Kd7 38. Be2 Kc7 39.
Bd1 b6 40. axb6+ Kxb6 41. Be2 Ka5 42. Bd1 Kb4 43. Kb2 a5 0-1

[Event "*** SCC Grand Prix: Titled Tuesday Blitz"]
[Site "Chess.com"]
[Date "2020.07.14"]
[Round "5"]
[White "sergoy"]
[Black "PSvidler"]
[Result "1/2-1/2"]
[WhiteElo "2814"]
[BlackElo "2980"]
[TimeControl "180+1"]
[EndTime "10:56:04 PDT"]
[Termination "Game drawn by agreement"]

1. e4 c5 2. Nf3 d6 3. Bb5+ Nd7 4. d4 cxd4 5. Qxd4 a6 6. Bxd7+ Bxd7 7. Nc3 Rc8 8. O-O e5 9. Qd3 h6 10. Rd1 Nf6 11. Nd2 Be6 12. a4 Be7 13. Nf1 O-O 14. Ne3 Qc7 15. Bd2 Rfd8 16. Ncd5 Nxd5 17. exd5 Bd7 18. a5 Bg5 19. Rdc1 f5 20. c4 e4 21.
Qc2 f4 22. Nf1 Re8 23. h4 Bxh4 24. Bxf4 Rf8 25. Be3 Bf5 26. Ng3 Bg6 27. Qe2 Qd7 28.
b4 Rce8 29. c5 dxc5 30. Rxc5 Re5 31. b5 Rxd5 32. Rxd5 Qxd5 33. bxa6 bxa6 34. Qxa6 Kh7 35. Qe2 Qd3 36. Qxd3 exd3 37. a6 Bf6 38. Ra5 Bd4 39. Nf1 Bxe3 40. Nxe3 d2 41. Rd5 Ra8 1/2-1/2

[Event "*** SCC Grand Prix: Titled Tuesday Blitz"]
[Site "Chess.com"]
[Date "2020.07.14"]
[Round "5"]
[White "GM_LOADING"]
[Black "Jospem"]
[Result "0-1"]
[WhiteElo "2576"]
[BlackElo "2813"]
[TimeControl "180+1"]
[EndTime "10:56:04 PDT"]
[Termination "Jospem won by resignation"]

1. e4 c5 2. Nf3 d6 3. d4 cxd4 4. Nxd4 Nf6 5. Nc3 a6 6. Be2 e5 7. Nf3 Be7 8. Bg5 Nbd7 9. a4 h6 10. Bh4 g5 11. Bg3 Nc5 12. Nd2 Be6 13. h4 Rg8 14. hxg5 hxg5 15. b4 Ncd7 16. Nc4 Rc8 17. Nd5 Nxe4 18. Bh2 Ndf6 19. Nxf6+ Nxf6 20. Ne3 Qc7 21. c4 g4 22. Bg3 Ne4 23. Bh4 g3 24. fxg3 Qb6 25. Qd3 Qxb4+ 26. Kf1 Nxg3+ 27. Bxg3 Rxg3 28. Rh8+ Bf8 29. Rg8 Rxg8 0-1

[Event "*** SCC Grand Prix: Titled Tuesday Blitz"]
[Site "Chess.com"]
[Date "2020.07.14"]
[Round "5"]
[White "Timerkhanov"]
[Black "ellatambien"]
[Result "0-1"]
[WhiteElo "2590"]
[BlackElo "2497"]
[TimeControl "180+1"]
[EndTime "10:56:04 PDT"]
[Termination "ellatambien won by resignation"]

1. d4 Nf6 2. Bg5 Ne4 3. Bf4 c5 4. f3 Qa5+ 5. c3 Nf6 6. d5 Nh5 7. Bc1 e6 8. e4 Qd8 9. Be3 exd5 10. Qxd5 Nf6 11. Qb3 Bd6 12. Bc4 O-O 13. Ne2 Nc6 14.
Qd1 Qc7 15. Kf2 Be5 16. Na3 d6 17. Bd3 Rd8 18. Nc4 d5 19. exd5 Nxd5 20. Bg5 Bf6 21. Bxf6 Nxf6 22. Qc2 b5 23. Ne3 c4 24. Bf5 Qb6 25.
Rad1 Re8 26. Nd4 Ne5 27. Rhf1 Bxf5 28. Nexf5 Nd3+ 29. Kg1 g6 30. Ng3 Rad8 31. b3 Nd5 32. Ne4 Ne3 33. Qd2 Nxd1 34. Rxd1 Rxd4 35. cxd4 Qxd4+ 36. Kh1 f5 0-1

[Event "*** SCC Grand Prix: Titled Tuesday Blitz"]
[Site "Chess.com"]
[Date "2020.07.14"]
[Round "5"]
[White "AlanZhang"]
[Black "JesseKraai"]
[Result "0-1"]
[WhiteElo "2226"]
[BlackElo "2460"]
[TimeControl "180+1"]
[EndTime "10:56:04 PDT"]
[Termination "JesseKraai won on time"]

1. e4 e6 2. d4 d5 3. Nc3 Nf6 4. e5 Nfd7 5. Nce2 c5 6. c3 Nc6 7.
f4 cxd4 8. cxd4 Bb4+ 9. Bd2 Qb6 10. Nf3 O-O 11. Bc3 f6 12. Qd2 fxe5 13. fxe5 Bxc3 14. Nxc3 Rxf3 15. gxf3 Nxd4 16. Bg2 Nxe5 17. O-O-O Nc4 18.
Nxd5 exd5 19. Qxd4 Ne3 20. Qxb6 axb6 21. Rdg1 Rxa2 22.
Kb1 Ra8 23. Bf1 Bf5+ 24. Kc1 d4 25. Kd2 Ra2 26. Kc1 Ra1+ 27. Kd2 Rd1+ 28. Ke2 Rb1 29.
Kf2 Rxb2+ 30. Kg3 Kf7 31. Ba6 bxa6 32. Rc1 Nc2 0-1

[Event "*** SCC Grand Prix: Titled Tuesday Blitz"]
[Site "Chess.com"]
[Date "2020.07.14"]
[Round "5"]
[White "joksijoksi"]
[Black "mitrabhaa"]
[Result "0-1"]
[WhiteElo "2389"]
[BlackElo "2600"]
[TimeControl "180+1"]
[EndTime "10:56:05 PDT"]
[Termination "mitrabhaa won on time"]

1. e4 c6 2. Nc3 d5 3. d4 dxe4 4.
Nxe4 Nf6 5. Nxf6+ exf6 6. c3 Bd6 7. Bd3 O-O 8. Qc2 Re8+ 9. Be3 h5 10. h3 Nd7 11. Ne2 Nf8 12. O-O-O Be6 13. Kb1 b5 14. g4 h4 15. Nf4 Bxf4 16. Bxf4 a5 17. Rdg1 Qd5 18. b3 a4 19. b4 Ng6 20. Be3 Qd7 21. Re1 Bd5 22. Rhg1 Re7 23. f4 Rae8 24. Bf5 Qd6 25. Qf2 Be4+ 26. Bxe4 Rxe4 27. f5 Ne7 28. g5 Nd5 29. Bd2 Rxe1+ 30. Rxe1 Rxe1+ 31. Qxe1 fxg5 32. Qe8+ Kh7 33. Qxf7 Qf6 34. Qh5+ Qh6 35. Qg4 Nf6 36. Qxg5 Qxg5 37. Bxg5 Ne4 38. Bxh4 Nxc3+ 39. Kb2 Nd5 40. a3 Kg8 41. Bg5 Kf7 42. h4 Nb6 43. h5 Nc4+ 44.
Ka2 Nd6 45. Kb2 Nxf5 46. Kc3 Ke6 47. Bf4 Kd5 48. Be5 Ke6 49. Kd3 Kf7 50. Ke4 Ne7 51.
Kd3 Nd5 0-1

[Event "*** SCC Grand Prix: Titled Tuesday Blitz"]
[Site "Chess.com"]
[Date "2020.07.14"]
[Round "5"]
[White "VladaSviridova"]
[Black "N00bM3ster"]
[Result "0-1"]
[WhiteElo "2119"]
[BlackElo "2812"]
[TimeControl "180+1"]
[EndTime "10:56:05 PDT"]
[Termination "N00bM3ster won by resignation"]

1. d4 Nf6 2. c4 e6 3. Nf3 d5 4. Nc3 Bb4 5. Bg5 h6 6. Bxf6 Qxf6 7. e3 O-O 8. Bd3 dxc4 9. Bxc4 c5 10. O-O cxd4 11.
Ne4 Qg6 12. Qxd4 Nc6 13. Qd3 Rd8 14. Qc2 e5 15. a3 Bf5 16. axb4 Bxe4 17. Qe2 Nxb4 18.
Nh4 Qf6 19. g3 g5 20. Ng2 Bf3 21. Qe1 Bxg2 22. Kxg2 Qc6+ 23. Kg1 Qxc4 24. Ra4 a5 25. Qa1 b6 26. Rc1 Qe2 27. b3 Rd2 28. Rf1 Rad8 29. Qxe5 Rd1 30. Rxd1 Qxd1+ 31. Kg2 Qd5+ 32. Qxd5 Rxd5 33.
Ra1 Rd3 34. Rc1 Rxb3 35. Rc8+ Kg7 36. Kf3 a4 37. Ra8 a3 0-1

[Event "*** SCC Grand Prix: Titled Tuesday Blitz"]
[Site "Chess.com"]
[Date "2020.07.14"]
[Round "5"]
[White "KobyKalavannan"]
[Black "Dinamo81"]
[Result "0-1"]
[WhiteElo "2737"]
[BlackElo "2656"]
[TimeControl "180+1"]
[EndTime "10:56:06 PDT"]
[Termination "Dinamo81 won by resignation"]

1. d4 d5 2. Nf3 e6 3. c4 a6 4. Qc2 dxc4 5. Qxc4 Nf6 6. g3 b5 7. Qc2 Bb7 8. Bg2 Nbd7 9. O-O c5 10. dxc5 Bxc5 11.
a3 Rc8 12. Nc3 O-O 13. b4 Be7 14. Bb2 Nb6 15. Rfd1 Qc7 16. Rac1 Nc4 17. e4 Qb8 18. Nd2 Qa8 19. Re1 Rfd8 20. Nb3 Ng4 21. Na5 Nxa5 22. bxa5 Ne5 23. Rcd1 Nc4 24. Rxd8+ Bxd8 25. Bc1 Bxa5 26. Rd1 Bxc3 27. Qxc3 Bxe4 28. Bf1 Bd5 29. Rd4 Ne5 30. Rc4 Nxc4 31. h4 Ne5 32. Qxe5 Rxc1 33. h5 h6 34. Qe3 Qc6 35. a4 bxa4 36. Qd3 Bc4 37. Qd8+ Kh7 38. Kh2 Rxf1 0-1

[Event "*** SCC Grand Prix: Titled Tuesday Blitz"]
[Site "Chess.com"]
[Date "2020.07.14"]
[Round "5"]
[White "EfM13"]
[Black "Love_craft"]
[Result "1-0"]
[WhiteElo "2258"]
[BlackElo "2453"]
[TimeControl "180+1"]
[EndTime "10:56:06 PDT"]
[Termination "EfM13 won on time"]

1. e4 g6 2. d4 Bg7 3. c3 d6 4. Bd3 Nd7 5. f4 e5 6. Nf3 Ngf6 7. O-O O-O 8. Kh1 exd4 9. cxd4 c5 10. d5 c4 11. Bc2 Re8 12. Nc3 a6 13. Be3 b5 14.
a3 Bb7 15. Bd4 Rc8 16. Qd2 Nc5 17. Rae1 Nb3 18. Bxb3 cxb3 19. Qd1 Rc4 20. Qxb3 Qd7 21. a4 Rec8 22. axb5 a5 23. Ra1 Rb4 24. Qa3 Rcc4 25.
Qxa5 Rxd4 26. Nxd4 Rxd4 27. Qb6 Nxe4 28. Ra7 1-0

[Event "*** SCC Grand Prix: Titled Tuesday Blitz"]
[Site "Chess.com"]
[Date "2020.07.14"]
[Round "5"]
[White "Colchonero64"]
[Black "kassablanca"]
[Result "1-0"]
[WhiteElo "2935"]
[BlackElo "2629"]
[TimeControl "180+1"]
[EndTime "10:56:07 PDT"]
[Termination "Colchonero64 won by resignation"]

1. d4 d5 2. Nf3 e6 3. Bf4 Nf6 4. e3 Bd6 5. Nbd2 O-O 6. Bg3 c5 7. dxc5 Bxc5 8. c4 Nc6 9. a3 Bd6 10. Rc1 Bxg3 11. hxg3 h6 12. b4 Ne7 13. Bd3 b6 14.
Ne5 Bb7 15. O-O dxc4 16. Ndxc4 Qb8 17. Nd6 Bd5 18. Ndxf7 Rxf7 19. Nxf7 Kxf7 20. Qe2 Bb7 21. Bc4 Qe5 22. f4 Qe4 23. Bd3 Qd5 24. Bc4 Qf5 25. Bd3 Be4 26. Bxe4 Qxe4 27. Rfd1 Ned5 28. Qf3 Qxe3+ 29.
Qxe3 Nxe3 30. Rc7+ Kg6 31. Re1 Nf5 32. g4 Nxg4 33.
Rxe6+ Nf6 34. g4 Nd4 35. f5+ Kg5 36. Rxg7+ Kf4 37. Rxf6 Rc8 38. Rd6 Rc1+ 39. Kf2 Rc2+ 40. Ke1 Ke3 41. Re7+ Kd3 42. f6 Rc1+ 43. Kf2 Rc2+ 44.
Kg3 Rc1 45. f7 Rf1 46. Rd8 1-0

[Event "*** SCC Grand Prix: Titled Tuesday Blitz"]
[Site "Chess.com"]
[Date "2020.07.14"]
[Round "5"]
[White "jaskol95"]
[Black "nocnypako"]
[Result "0-1"]
[WhiteElo "2401"]
[BlackElo "2592"]
[TimeControl "180+1"]
[EndTime "10:56:08 PDT"]
[Termination "nocnypako won by checkmate"]

1. d4 Nf6 2. c4 g6 3. Nc3 d5 4.
cxd5 Nxd5 5. e4 Nxc3 6. bxc3 Bg7 7. Bc4 c5 8. Be3 Nc6 9. Ne2 O-O 10. h4 Na5 11.
Bd3 e5 12. d5 c4 13. Bc2 f5 14. h5 f4 15. Bc5 Rf7 16. hxg6 hxg6 17. f3 b6 18. Bb4 Nb7 19. a4 Nd6 20. a5 Rb8 21.
axb6 axb6 22. Qc1 Bf8 23. Qa3 Bb7 24. Kf2 Ra8 25. Qb2 Rxa1 26. Qxa1 b5 27. Qa3 Qb6+ 28.
Ke1 Rd7 29. Bc5 Qd8 30. Qb4 Ba6 31. Kf2 Qc7 32. Ke1 Rd8 33. Bf2 Nxe4 34. Qb2 Nxf2 35. Kxf2 Qc5+ 36. Ke1 Qxd5 37. Qa2 Qd2+ 38. Kf2 Bc5+ 39. Kf1 Qd1+ 40. Bxd1 Rxd1# 0-1

[Event "*** SCC Grand Prix: Titled Tuesday Blitz"]
[Site "Chess.com"]
[Date "2020.07.14"]
[Round "5"]
[White "Parkas"]
[Black "Nf3c5"]
[Result "0-1"]
[WhiteElo "2350"]
[BlackElo "2523"]
[TimeControl "180+1"]
[EndTime "10:56:10 PDT"]
[Termination "Nf3c5 won by checkmate"]

1. d4 Nf6 2. Nc3 d5 3. Bf4 g6 4. e3 Bg7 5. h4 h5 6. Nf3 O-O 7. Ne5 c5 8. Qd2 Nc6 9. Nxc6 bxc6 10. Be5 cxd4 11. Qxd4 Qa5 12. Be2 Ne8 13. Bxg7 Nxg7 14. b4 Qc7 15. g3 e5 16. Qc5 Ne6 17. Qa5 Qxa5 18. bxa5 Nc5 19. Kd2 d4 20. exd4 exd4 21. Nd1 Ne4+ 22. Kc1 Re8 23. Bd3 Nc5 24. Kd2 Bf5 25.
Nb2 Rab8 26. Nc4 Be6 27. Nd6 Red8 28. Ne4 Na4 29. Rhe1 Rb2 30. Ng5 Bd5 31. Re7 Nc3 32. Rxa7 Re8 33. Re1 Rxe1 34. Kxe1 Rb1+ 35. Kd2 Rd1# 0-1